 Dungeon Crawl Stone Soup version 0.30.1-11-g7821555f0a (webtiles) character file.

Game seed: 215848430599300456

40313232 middlethird the Archmage (level 27, 164/164 HPs)
             Began as a Vine Stalker Transmuter on Dec 11, 2023.
             Was the Champion of Cheibriados.
             Escaped with the Orb
             ... and 15 runes on Dec 14, 2023!
             The game lasted 11:27:56 (36268 turns).

middlethird the Archmage (Vine Stalker Transmuter) Turns: 36268, Time: 11:27:56

Health: 164/164    AC: 38    Str: 34    XL:     27
Magic:  73/74      EV: 31    Int: 56    God:    Cheibriados [******]
Gold:   6313       SH: 40    Dex: 44    Spells: 12/80 levels left

rFire   + +          .
                       - Unarmed
rCold   + . .        L - +8 tower shield {reflect}
rNeg    + + +        l - +0 pearl dragon scales of Divine Intervention {rElec rN+ Str+6}
rPois   ∞            m - +3 hat of Pondering {ponderous, Will+ MP+10 Int+5}
rElec   +            t - +2 cloak {rCorr}
rCorr   +            e - +2 pair of gloves
SInv    +            u - +2 pair of boots of Nuas {Dex+7 SInv}
Will    +++++        f - amulet of regeneration
Stlth   +            R - ring of Poxicw {Will+ MP+9 Int+8}
HPRegen 2.07/turn    C - ring "Tatyzo" {*Corrode rPois rF++ Int+6}
MPRegen 0.44/turn

%: corrode self (3%), reflection, guardian spirit
@: lich-form, studying 3 skills, very slow
A: draining attack, torment immunity, no potions, fangs 3, regeneration 1, magic
shield, antimagic bite, no potion heal 2, iridescent scales 1, agile 1,
MP-powered wands
0: Orb of Zot
}: 15/15 runes: serpentine, barnacled, slimy, silver, golden, iron, obsidian,
icy, bone, abyssal, demonic, glowing, magical, fiery, dark
a: End Transformation, Renounce Religion, Bend Time, Temporal Distortion,
Slouch, Step From Time


You escaped.
You worshipped Cheibriados.
Cheibriados was exalted by your worship.
You were an undead lich.
You visited 18 branches of the dungeon, and saw 88 of its levels.
You visited Pandemonium 2 times, and saw 8 of its levels.
You visited the Abyss 1 time.
You visited 1 bazaar.
You visited 1 ziggurat, and saw 10 of its levels.
You also visited: Trove, Gauntlet, Ice Cave and Wizlab.

You collected 12832 gold pieces.
You spent 6519 gold pieces at shops.

Inventory:

Missiles
 a - 20 curare-tipped darts (quivered)
Armour
 c - the +9 scale mail "Onocwim" {Fly Regen+ rCorr}
   (You took it off a deep elf blademaster on level 3 of the Elven Halls)

   Fly:       It grants you flight.
   Regen:     It increases your rate of health regeneration.
   rCorr:     It protects you from acid and corrosion.
 e - a +2 pair of gloves (worn)
 g - the scarf of Noxious Birdsong {repulsion, Str+5 SInv}
   (You bought it in a shop on level 3 of the Shoals)

   Str:       It affects your strength (+5).
   SInv:      It lets you see invisible.
 l - the +0 pearl dragon scales of Divine Intervention (worn) {rElec rN+ Str+6}
   (You took it off a minotaur in a Gauntlet)

   Str:       It affects your strength (+6).
   rElec:     It insulates you from electricity.
   rN:        It protects you from negative energy.
 m - the +3 hat of Pondering (worn) {ponderous, Will+ MP+10 Int+5}
   (You bought it in a shop in a bazaar)

   Int:       It affects your intelligence (+5).
   MP:        It affects your magic capacity (+10).
   Will:      It increases your willpower.
 n - the +0 pair of gloves of Zeiqeig {rN+}
   (You bought it in a shop in a bazaar)

   rN:        It protects you from negative energy.
 r - +0 ice dragon scales
 t - a +2 cloak of preservation (worn)
 u - the +2 pair of boots of Nuas (worn) {Dex+7 SInv}
   (You found it on level 8 of a ziggurat)

   Dex:       It affects your dexterity (+7).
   SInv:      It lets you see invisible.
 w - +6 gold dragon scales
 F - a +2 cloak of poison resistance
 L - a +8 tower shield of reflection (worn)
 N - a +2 helmet of see invisible
 Q - +2 fire dragon scales {Xtahua}
Magical Staves
 b - the staff of death "Ojirucam" {rN+ Will+ Int+2 Stlth+}
   (You acquired it on level 4 of the Lair of Beasts)

   [staff of death]

   Base accuracy: +5 Base damage: 5 Base attack delay: 1.2 This weapon's minimum
   attack delay (0.6) is reached at skill level 12.
   Int:       It affects your intelligence (+2).
   rN:        It protects you from negative energy.
   Will:      It increases your willpower.
   Stlth:     It makes you more stealthy.
   It falls into the 'Staves' category.
   It is a one-handed weapon.
Jewellery
 d - the ring of Qimyxad {Str+6 Int+2 SInv}
   (You found it on level 7 of Tartarus)

   [ring of strength]

   Str:       It affects your strength (+6).
   Int:       It affects your intelligence (+2).
   SInv:      It lets you see invisible.
 f - an amulet of regeneration (around neck)
 o - the ring of the Mage {Wiz Archmagi}
   (You took it off a salamander on level 4 of the Snake Pit)

   [ring of wizardry]

   It improves your spell success rate.
   Archmagi:  It increases the power of your magical spells.
 x - the ring of Past Mistakes {rC+ Will+ Int+4}
   (You took it off Dispater on level 7 of the Iron City of Dis)

   [ring of willpower]

   Int:       It affects your intelligence (+4).
   rC:        It protects you from cold.
   Will:      It increases your willpower.
 C - the ring "Tatyzo" (right hand) {*Corrode rPois rF++ Int+6}
   (You took it off an angel in Pandemonium)

   [ring of intelligence]

   Int:       It affects your intelligence (+6).
   rF:        It greatly protects you from fire.
   rPois:     It protects you from poison.
   *Corrode:  It may corrode you when you take damage.
 D - the ring of Abstinence {Drain +Blink Fly rPois Str+4}
   (You found it on level 7 of Tartarus)

   [ring of flight]

   Str:       It affects your strength (+4).
   rPois:     It protects you from poison.
   Fly:       It grants you flight.
   +Blink:    It lets you blink.
   Drain:     It drains your maximum health when unequipped.
 R - the ring of Poxicw (left hand) {Will+ MP+9 Int+8}
   (You found it on level 7 of the Iron City of Dis)

   [ring of magical power]

   Int:       It affects your intelligence (+8).
   MP:        It affects your magic capacity (+9).
   Will:      It increases your willpower.
Wands
 s - a wand of roots (73)
 E - a wand of digging (16)
 O - a wand of acid (38)
Scrolls
 h - 14 scrolls of fog
 j - 10 scrolls of amnesia
 k - 21 scrolls of teleportation
 p - 14 scrolls of immolation
 B - 7 scrolls of fear
 J - 6 scrolls of poison
 P - 5 scrolls of vulnerability
 S - 2 scrolls of silence
 U - 2 scrolls of blinking
 W - a scroll of torment
Potions
 i - 18 potions of curing
 q - 6 potions of flight
 v - 6 potions of might
 y - 3 potions of magic
 z - 8 potions of mutation
 A - 8 potions of brilliance
 G - 4 potions of resistance
 I - 4 potions of cancellation
 K - 8 potions of attraction
 M - a potion of berserk rage
 T - 5 potions of invisibility
 V - 12 potions of lignification
Miscellaneous
 X - a lightning rod (4/4)
 Y - a phial of floods
 Z - a phantom mirror


   Skills:
 + Level 23.1 Fighting
 - Level 15.0 Armour
 - Level 14.0 Dodging
 - Level 24.0 Shields
 - Level 24.0 Unarmed Combat
 O Level 27 Spellcasting
 - Level 18.0 Necromancy
 - Level 4.0 Translocations
 - Level 16.0 Transmutations
 - Level 18.0 Fire Magic
 - Level 4.0 Ice Magic
 - Level 6.0 Earth Magic
 - Level 12.0 Invocations


You had 12 spell levels left.
You knew the following spells:

 Your Spells              Type           Power      Damage    Failure   Level
a - Apportation           Tloc           100%       N/A       1%          1
b - Lesser Beckoning      Tloc           100%       N/A       1%          2
c - Blink                 Tloc           100%       N/A       1%          2
d - Vhi's Electric Charg  Tloc/Air       100%       N/A       1%          3
e - Passwall              Tmut/Erth      95%        N/A       0%          2
f - Wereblood             Tmut           100%       N/A       0%          2
g - Statue Form           Tmut/Erth      76%        N/A       1%          6
h - Animate Dead          Necr           100%       N/A       0%          4
i - Borgnjor's Vile Clut  Necr/Erth      71%        N/A       1%          5
j - Death Channel         Necr           80%        N/A       1%          6
k - Simulacrum            Ice/Necr       69%        N/A       1%          6
l - Necromutation         Tmut/Necr      79%        N/A       1%          8
m - Lee's Rapid Deconstr  Erth           48%        3d23*     1%          5
n - Ignition              Fire           67%        3d18      1%          8
o - Borgnjor's Revivific  Necr           80%        N/A       1%          8

Your spell library contained the following spells:

 Spells                   Type           Power      Damage    Failure   Level
 Beastly Appendage        Tmut           100%       N/A       0%          1
 Foxfire                  Conj/Fire      100%       2x1d9     0%          1
 Kiss of Death            Conj/Necr      100%       2d13      0%          1
 Necrotise                Necr           100%       1d9       0%          1
 Sting                    Tmut/Pois      100%       1d8       0%          1
 Scorch                   Fire           100%       2d9       0%          2
 Sublimation of Blood     Necr           100%       N/A       0%          2
 Vampiric Draining        Necr           100%       2d13      0%          3
 Volatile Blastmotes      Fire/Tloc      100%       2d18      0%          3
 Dispel Undead            Necr           100%       3d31      0%          4
 Blade Hands              Tmut           65%        N/A       0%          5
 Magic Dart               Conj           100%       1d8       1%          1
 Sandblast                Erth           100%       2d20      1%          1
 Slow                     Hex            100%       N/A       1%          1
 Summon Small Mammal      Summ           100%       N/A       1%          1
 Call Imp                 Summ           100%       N/A       1%          2
 Cigotuvi's Dreadful Rot  Necr/Pois/Air  100%       N/A       1%          2
 Ensorcelled Hibernation  Hex/Ice        100%       N/A       1%          2
 Momentum Strike          Conj/Tloc      100%       3d10      1%          2
 Poisonous Vapours        Pois/Air       100%       N/A       1%          2
 Searing Ray              Conj           100%       2d8       1%          2
 Static Discharge         Conj/Air       100%       2-7/arc   1%          2
 Call Canine Familiar     Summ           66%        N/A       1%          3
 Confusing Touch          Hex            66%        N/A       1%          3
 Dazzling Flash           Conj/Hex       100%       N/A       1%          3
 Frozen Ramparts          Ice            100%       1d16      1%          3
 Gell's Gravitas          Tloc           88%        N/A       1%          3
 Hailstorm                Conj/Ice       78%        3d16      1%          3
 Mephitic Cloud           Conj/Pois/Air  66%        N/A       1%          3
 Ozocubu's Armour         Ice            88%        N/A       1%          3
 Portal Projectile        Hex/Tloc       100%       N/A       1%          3
 Spider Form              Tmut/Pois      100%       N/A       1%          3
 Stone Arrow              Conj/Erth      100%       3d13      1%          3
 Summon Guardian Golem    Hex/Summ       66%        N/A       1%          3
 Swiftness                Air            66%        N/A       1%          3
 Teleport Other           Tloc           88%        N/A       1%          3
 Tukima's Dance           Hex            66%        N/A       1%          3
 Anguish                  Hex/Necr       66%        N/A       1%          4
 Animate Armour           Summ/Erth      100%       N/A       1%          4
 Cause Fear               Hex            33%        N/A       1%          4
 Flame Wave               Conj/Fire      100%       2d21      1%          4
 Fulminant Prism          Conj/Hex       33%        3d16      1%          4
 Ice Form                 Ice/Tmut       100%       N/A       1%          4
 Iskenderun's Mystic Bla  Conj/Tloc      78%        2d16      1%          4
 Leda's Liquefaction      Hex/Erth       41%        N/A       1%          4
 Olgreb's Toxic Radiance  Pois           66%        N/A       1%          4
 Passage of Golubria      Tloc           88%        N/A       1%          4
 Petrify                  Tmut/Erth      100%       N/A       1%          4
 Summon Ice Beast         Ice/Summ       78%        N/A       1%          4
 Summon Lightning Spire   Summ/Air       66%        N/A       1%          4
 Alistair's Intoxication  Tmut/Pois      70%        N/A       1%          5
 Irradiate                Conj/Tmut      52%        3d29      1%          5
 Yara's Violent Unravell  Hex/Tmut       52%        3d20      1%          5
 Eringya's Noxious Bog    Tmut/Pois      52%        N/A       1%          6
 Plasma Beam              Fire/Air       54%        2x1d75    1%          6
 Starburst                Conj/Fire      54%        6d15      1%          6
 Dragon Form              Tmut           65%        N/A       1%          7
 Metabolic Englaciation   Hex/Ice        39%        N/A       2%          5
 Summon Forest            Summ/Tloc      39%        N/A       2%          5
 Freezing Cloud           Conj/Ice/Air   37%        6-21      3%          5
 Haunt                    Necr/Summ      66%        N/A       4%          7
 Arcjolt                  Conj/Air       33%        1d43      6%          5
 Dispersal                Tloc           44%        N/A       6%          6
 Storm Form               Tmut/Air       52%        N/A       7%          7
 Death's Door             Necr           80%        N/A       13%         9
 Conjure Ball Lightning   Conj/Air       33%        3x3d11    32%         6
 Summon Cactus Giant      Summ           33%        N/A       32%         6
 Ozocubu's Refrigeration  Ice            44%        4d17      34%         7
 Enfeeble                 Hex            33%        N/A       87%         7
 Orb of Destruction       Conj           33%        9d10      87%         7
 Spellforged Servitor     Conj/Summ      33%        N/A       87%         7
 Summon Hydra             Summ           33%        N/A       87%         7
 Disjunction              Tloc           44%        N/A       95%         8
 Lehudib's Crystal Spear  Conj/Erth      41%        10d10     99%         8
 Discord                  Hex            33%        N/A       100%        8
 Maxwell's Capacitive Co  Air            33%        ∞         100%        8
 Chain Lightning          Conj/Air       33%        3d44      100%        9
 Polar Vortex             Ice            44%        N/A       100%        9
 Shatter                  Erth           48%        3d37*     100%        9


Dungeon Overview and Level Annotations

Branches:
Dungeon (15/15)            Temple (1/1) D:6            Lair (5/5) D:9
 Shoals (4/4) Lair:3        Snake (4/4) Lair:2        Slime (5/5) Lair:5
    Orc (2/2) D:10            Elf (3/3) Orc:2        Vaults (5/5) D:14
  Crypt (3/3) Vaults:3       Tomb (3/3) Crypt:3      Depths (4/4) D:15
   Hell (visited)             Dis (7/7) Hell            Geh (7/7) Hell
    Coc (7/7) Hell            Tar (7/7) Hell            Zot (5/5) Depths:4
  IceCv (visited)          WizLab (visited)         Gauntlet (visited)

Altars:
Ashenzari
Cheibriados
Dithmenos
Elyvilon
Hepliaklqana
Kikubaaqudgha
Makhleb
Nemelex Xobeh
Okawaru
Qazlal
Ru
Sif Muna
Trog
Uskayaw
Wu Jian
Xom
Zin
Jiyva
Lugonu

Shops:
D:4 ?   D:6 ?   D:7 *   Orc:1 (   Orc:2 [?=*   Elf:3 (   Shoals:3 [
Vaults:1 !   Vaults:2 ?   Vaults:3 *:

Portals:
Hell: Depths:1 Depths:2 Depths:3 Depths:4
Abyss: Depths:1 Depths:3
Pandemonium: Orc:2 Depths:1 Depths:2

Annotations:
Dis:6 14 runed doors


Innate Abilities, Weirdness & Mutations

You are an undead lich.
Your unarmed attacks are suffused with negative energy.
You are immune to unholy pain and torment.
Your necromantic spells are more powerful.
You cannot drink.
You are immune to poison.
You have razor-sharp teeth.
Your natural rate of healing is unusually fast.
When hurt, damage is shared between your health and your magic reserves.
Your bite disrupts and absorbs the magic of your enemies.
Potions cannot restore your health.
You are partially covered in iridescent scales. (AC +2)
You are agile. (Dex +4, Str/Int -1)
You expend magic power (3 MP) to strengthen your wands.


Message History

You bite the demonspawn black sun, but do no damage.
The demonspawn black sun is heavily wounded.
You block the demonspawn black sun's attack.
The lorocyproca completely misses you.
You punch the demonspawn black sun! You drain the demonspawn black sun!
The demonspawn black sun is almost dead.
You block the lorocyproca's attack.
The demonspawn black sun completely misses you.
You completely miss the demonspawn black sun.
You bite the demonspawn black sun! You drain its power.
The demonspawn black sun is almost dead.
You pummel the demonspawn black sun!!
You kill the demonspawn black sun!
Cheibriados appreciates the change of pace.
You block the lorocyproca's attack.
You pummel the lorocyproca like a punching bag!!!
You bite the lorocyproca. You drain its power.
The lorocyproca is almost dead.
You closely miss the lorocyproca. You bite the lorocyproca.
You kill the lorocyproca!
Cheibriados appreciates the change of pace.
Casting: Vhi's Electric Charge (safe; 1% risk of failure)
Confirm with . or Enter, or press ? or * to list all spells.
Aiming: Passwall (safe; 0% risk of failure)
Press: ? - help, Dir - move target A rock wall.
This square is covered in magical glow.
You begin to meditate on the wall.
You continue meditating on the rock. x2
Magic restored.
You continue meditating on the rock. x2
You finish merging with the rock.
Casting: Passwall (safe; 0% risk of failure)
Confirm with . or Enter, or press ? or * to list all spells.
Aiming: Passwall (safe; 0% risk of failure)
Press: ? - help, Dir - move target A rock wall.
This square is covered in magical glow.
You begin to meditate on the wall.
You continue meditating on the rock. x2
You finish merging with the rock.
You have escaped!

#####....##..#.........####### #.
#.##+###.................# +. #.#
#.#....##'##......# #)
#.##+#+###.....#.##......# #.
#....##..#.......##......###. ##
#.##'#+#'###...####.......... .#
#.###.)##..#......'.......... .#
#..#'#'#'#'###..###......###.
.####....##..#..L#...##......# ##
.'....##+#'#'#'###...........####
.########.. #..# ###.####........
).^..[.#+#+ +### #.....+........
.......+ #..####........ .......#
#..# #........ .......# #..#
#)....... .......#+# #...#
#.)...### .........#### ###
#.#...#.#####..


There were no monsters in sight!

Vanquished Creatures
  Cerebov (Pan)
  Antaeus (Coc:7)
  Asmodeus (Geh:7)
  the Royal Jelly (Slime:5)
  Ereshkigal (Tar:7)
  Gloorx Vloq (Pan)
  the Serpent of Hell (Dis:7)
  Mnoleg (Pan)
  Lom Lobon (Pan)
  A seraph (Pan)
  3 dread liches
  13 pandemonium lords
  5 ancient liches
  Mara (Depths:2)
  2 orbs of fire
  Mennas (Depths:4)
  A juggernaut (Dis:7)
  28 royal mummies
  18 shard shrikes
  3 Killer Klowns
  The ghost of Ogiufoxyo the Conqueror, an adept MfIE of Vehumet (Vaults:1)
  Bai Suzhen (Depths:2)
  Saint Roka (Depths:3)
  9 caustic shrikes
  Geryon (Hell)
  Xtahua (Vaults:3)
  6 golden dragons
  the Enchantress (Depths:4)
  A pearl dragon (Pan)
  Jory (Vaults:2)
  A profane servitor (Tar:4)
  25 bone dragons
  16 Tzitzimimeh
  2 electric golems (Zot:5)
  13 doom hounds
  5 iron giants
  20 Brimstone Fiends
  17 Ice Fiends
  5 hellephants
  Zenata (Vaults:2)
  13 Hell Sentinels
  A spectral shard shrike (Tar:7)
  Rupert (Lair:5)
  10 titans
  7 liches
  32 Orb Guardians
  9 tentacled monstrosities
  15 tainted leviathans
  2 deep elf blademasters (Elf:3)
  18 searing wretches
  8 acid blobs
  2 quicksilver dragons (Vaults:5)
  18 Executioners
  Frances (D:13)
  26 ancient champions
  A deep elf master archer (Elf:3)
  2 eldritch tentacles
  4 death cobs
  A kraken (Shoals:3)
  11 storm dragons
  4 tengu reavers
  10 shadow dragons
  11 sphinxes
  2 draconian monks (Zot:5)
  2 nagarajas
  5 demonspawn warmongers
  4 revenants
  17 fire giants
  3 draconian knights
  An azure jelly (shapeshifter) (Abyss:1)
  7 rockslimes
  8 azure jellies
  4 iron dragons
  3 quicksilver elementals
  8 vault wardens
  3 deep elf sorcerers
  3 narguns
  2 draconian scorchers (Zot:2)
  12 daevas
  3 emperor scorpions (Abyss:1)
  The ghost of JumbleTraveling the Bludgeoner, an adept GrBe of Trog (Snake:2)
  8 frost giants
  30 balrugs
  Louise (Depths:1)
  16 cacodemons
  10 shard shrike simulacra
  2 deep elf elementalists
  3 draconian shifters
  26 angels
  2 caustic shrike zombies (WizLab)
  A draconian stormcaller (Zot:2)
  5 spectral caustic shrikes
  A demonspawn corrupter (Pan)
  2 ghouls (Crypt:2)
  6 draconian annihilators
  2 curse skulls
  25 reapers
  4 spriggan defenders
  22 war gargoyles
  4 demonspawn blood saints (Pan)
  8 quicksilver oozes
  23 very ugly things
  15 ophanim (Pan)
  18 stone giants
  17 apis (Pan)
  4 ironbound thunderhulks
  3 ironbound preservers
  19 vampire knights
  19 elemental wellsprings
  4 green draconians
  8 bennus
  7 deep elf annihilators
  6 demonspawn black suns
  6 dire elephants
  6 putrid mouths
  A minotaur (Gauntlet)
  4 red draconians (Zot:5)
  9 deep elf demonologists
  5 purple draconians
  6 yellow draconians
  10 lorocyprocas
  4 black draconians
  4 white draconians
  Azrael (Elf:1)
  6 halazid warlocks (WizLab)
  5 spark wasps
  2 spectral titans (WizLab)
  8 wendigos
  22 eidola
  31 mummy priests
  6 deep elf death magi
  13 ettins
  5 merfolk impalers
  11 iron golems
  6 blizzard demons
  2 merfolk javelineers
  8 fire dragons
  8 green deaths
  2 spectral quicksilver dragons
  2 deep elf high priests (Vaults:5)
  A quicksilver dragon zombie (WizLab)
  A great orb of eyes (Depths:1)
  20 vault guards
  A fenstrider witch zombie (Hell)
  5 jiangshi (Crypt:3)
  5 ice dragons
  9 yaktaur captains
  18 salamander tyrants
  Erolcha (D:9)
  6 hell beasts
  7 centaur warriors
  4 rakshasas
  11 caustic shrike simulacra
  2 demonspawn (Orc:2)
  8 hydras
  A catoblepas (Lair:4)
  3 spriggan air magi
  5 stokers
  3 merfolk avatars
  3 ogre magi
  9 boulder beetles
  A death knight (Crypt:3)
  5 juggernaut simulacra
  A radroach (shapeshifter) (Vaults:5)
  25 dancing weapons
  3 merfolk aquamancers
  10 two-headed ogres
  13 anacondas
  5 ironbound frosthearts
  A death yak (Lair:4)
  4 deep troll shamans
  6 satyrs
  49 death scarabs
  11 vampire magi
  2 spectral stone giants
  3 spriggan berserkers
  3 tengu warriors
  19 naga warriors
  9 deep troll earth magi
  49 hell hogs
  A thrashing horror (Abyss:1)
  A spectral dire elephant (Coc:5)
  6 orc high priests (Orc:2)
  6 shock serpents
  Sonja (Lair:1)
  Amaemon (D:8)
  3 titan zombies (WizLab)
  2 wretched stars
  4 hell knights
  12 deep elf knights
  7 naga sharpshooters
  6 crystal echidnas
  A skyshark (Shoals:1)
  30 sun demons
  26 soul eaters
  14 shadow wraiths
  A fire crab (Lair:4)
  3 salamander mystics (Snake:4)
  39 skeletal warriors
  4 sea snakes
  29 deep trolls
  18 sixfirhies
  4 iron trolls
  A spriggan rider (Depths:1)
  A spectral anaconda (Tar:4)
  An anaconda zombie (Tomb:1)
  6 flayed ghosts
  2 golden dragon zombies
  15 cherubim
  3 quicksilver dragon simulacra
  A bunyip zombie (Crypt:2)
  2 bog bodies (Crypt:2)
  9 glowing orange brains
  4 naga ritualists
  2 anaconda skeletons
  6 wizards
  9 lindwurms
  A bunyip skeleton (Tomb:3)
  25 phantasmal warriors
  4 shadow demons
  6 harpies
  16 deep elf archers
  10 necromancers
  4 spectral spriggans
  10 ironbound convokers
  21 deep elf zephyrmancers
  A fenstrider witch simulacrum (Hell)
  36 ugly things
  11 mana vipers
  A spectral ettin (Tar:1)
  An iron dragon zombie (Tomb:3)
  25 deep elf pyromancers
  6 orc knights
  A worldbinder (Abyss:1)
  13 fauns
  10 manticores
  6 orc sorcerers
  19 salamanders
  5 shining eyes
  7 cyclopes
  A jorogumo skeleton (Crypt:3)
  A toenail golem (Crypt:3)
  10 elephants
  Maurice (D:13)
  A stone giant skeleton (Tomb:2)
  6 merfolk sirens
  A shock serpent zombie (Crypt:2)
  27 black mambas
  7 naga magi
  13 rust devils
  8 moths of wrath
  7 guardian serpents
  4 demonic crawlers
  3 gargoyles
  An eleionoma skeleton (Crypt:2)
  16 vault sentinels
  3 titan simulacra
  A human skeleton (Vaults:3)
  8 cane toads
  4 centaur skeletons (D:14)
  An ice statue (IceCv)
  15 hellions
  A yaktaur zombie (Vaults:3)
  A dire elephant skeleton (Abyss:4)
  18 orange demons
  A torpor snail (Lair:2)
  3 water nymphs
  5 molten gargoyles
  20 smoke demons
  2 rime drakes
  2 unseen horrors (Pan)
  A grey draconian zombie (Crypt:3)
  3 kobold demonologists
  7 efreet
  A red draconian zombie (Crypt:3)
  Psyche (D:9)
  7 anaconda simulacra
  2 bunyip simulacra
  14 tormentors
  A yaktaur (shapeshifter) (Abyss:1)
  18 yaktaurs
  2 ancient zymes (Abyss:1)
  9 komodo dragons
  12 ice devils
  A spectral naga (Tar:3)
  A tengu conjurer (D:14)
  6 spriggan skeletons
  44 guardian mummies
  A silent spectre (Tar:6)
  2 harpy zombies (WizLab)
  A spectral glowing shapeshifter (Vaults:1)
  An alligator snapping turtle skeleton (Coc:5)
  11 red devils
  2 golden dragon simulacra
  2 iron giant simulacra
  11 freezing wraiths
  A tyrant leech (Gauntlet)
  33 merfolk
  A minotaur skeleton (Crypt:3)
  5 trolls
  2 hydra zombies (Coc:5)
  5 spectral harpies
  14 hellwings
  A wolf spider simulacrum (Lair:1)
  6 hornets
  2 spriggan zombies
  A hornet (shapeshifter) (Abyss:1)
  3 dream sheep
  13 blink frogs
  5 wind drakes
  An iron dragon simulacrum (Coc:2)
  4 raiju (Abyss:3)
  3 ettin zombies
  A hydra skeleton (Tomb:1)
  5 snapping turtles
  39 flying skulls
  9 water elementals
  3 ettin skeletons
  42 large abominations
  50 slime creatures
  49 yaks
  15 shadows (Tar:1)
  3 basilisks (Lair:5)
  17 ynoxinuls
  2 centaur simulacra
  2 spectral humans (Vaults:1)
  7 wraiths
  4 spriggans (Depths:4)
  2 vampires
  5 dire elephant simulacra
  An alligator snapping turtle simulacrum (Coc:3)
  9 ushabtiu
  6 wyverns
  11 chaos spawn
  4 steam dragons
  8 fire elementals
  A black mamba skeleton (Tomb:1)
  5 golden eyes
  4 death yak simulacra (IceCv)
  18 neqoxecs
  14 vampire mosquitoes
  18 harpy simulacra
  4 wargs
  3 swamp worms (Gauntlet)
  7 hydra simulacra
  24 nagas
  17 water moccasins
  4 acid dragons
  7 hell hounds
  A naga skeleton (Hell)
  An ogre skeleton (Vaults:3)
  27 small abominations
  36 orc warriors
  A glowing shapeshifter skeleton (Vaults:3)
  4 floating eyes
  A floating eye (shapeshifter) (Depths:3)
  2 sky beasts (D:7)
  5 black bears
  3 ice beasts
  5 ettin simulacra
  11 ogres
  11 wolves
  11 centaurs
  6 kobold brigands
  A phantom (D:5)
  8 bullfrogs
  Blork the orc (D:6)
  A necrophage (Crypt:2)
  A yaktaur skeleton (Crypt:3)
  5 earth elementals
  2 gnoll sergeants
  4 cane toad simulacra
  3 two-headed ogre simulacra (IceCv)
  15 scorpions
  12 wights
  An elephant simulacrum (IceCv)
  6 killer bees (D:8)
  2 electric eels
  A howler monkey (shapeshifter) (Abyss:1)
  A howler monkey (D:6)
  2 lava snakes (Lair:5)
  8 crimson imps (Pan)
  A gnoll bouda (D:6)
  16 orc priests
  3 hounds
  7 jellies
  A jelly (shapeshifter) (Abyss:1)
  7 starcursed masses (Abyss:4)
  An iguana (shapeshifter) (Abyss:1)
  3 iguanas
  2 sleepcaps
  Ijyb (D:4)
  22 orc wizards
  7 hell rats (Hell)
  7 spriggan simulacra
  10 troll simulacra (IceCv)
  2 polar bear simulacra (IceCv)
  A wolf simulacrum (IceCv)
  2 ogre zombies
  31 mummies
  14 gnolls
  An adder (shapeshifter) (Abyss:1)
  5 adders
  6 naga simulacra (IceCv)
  2 river rats (shapeshifter) (Abyss:1)
  2 steam dragon skeletons (Crypt:3)
  5 white imps (IceCv)
  9 ufetubi
  A lava snake skeleton (Crypt:2)
  A worm (D:3)
  7 dart slugs
  A dart slug (shapeshifter) (Abyss:1)
  An orc (shapeshifter) (Abyss:1)
  112 orcs
  5 bats
  9 endoplasms
  5 giant cockroaches
  11 goblins
  A goblin (shapeshifter) (Abyss:1)
  5 hobgoblins
  28 kobolds
  3 quokkas
  6 ball pythons
  A frilled lizard (D:1)
  A frilled lizard zombie (Crypt:3)
  A kobold (shapeshifter) (Abyss:1)
  6 rats
  A rat (shapeshifter) (Abyss:1)
  11 fire vortices
3341 creatures vanquished.

Vanquished Creatures (collateral kills)
  Dispater (Dis:7)
  An ancient lich (Zot:5)
  3 Killer Klowns (Zot:5)
  4 shard shrikes
  Frederick (Vaults:2)
  Parghit (Depths:4)
  A golden dragon (Depths:4)
  Nikola (Shoals:4)
  An iron giant (Dis:7)
  Jorgrun (Shoals:2)
  2 Ice Fiends (Coc:7)
  3 tentacled monstrosities
  3 Orb Guardians (Zot:5)
  A deep elf master archer (Elf:3)
  2 searing wretches
  3 titans
  9 acid blobs
  An Executioner (Pan)
  3 tengu reavers
  4 sphinxes
  3 storm dragons
  2 rockslimes
  3 frost giants
  4 vault wardens (Vaults:2)
  3 narguns (Coc:7)
  A balrug (Pan)
  An iron dragon (Vaults:5)
  5 fire giants
  2 spectral caustic shrikes (Depths:3)
  A deep elf elementalist (Elf:3)
  2 ironbound preservers (Vaults:1)
  A curse skull (Pan)
  A spriggan defender (Depths:4)
  A demonspawn corrupter (Pan)
  2 very ugly things (Depths:1)
  A quicksilver ooze (Slime:5)
  3 ironbound thunderhulks
  3 stone giants
  4 elemental wellsprings
  A dire elephant (Vaults:2)
  2 green draconians
  4 wendigos
  6 deep elf annihilators
  5 deep elf demonologists
  A minotaur (Shoals:4)
  A red draconian (Depths:4)
  5 white draconians
  A spark wasp (Depths:3)
  2 merfolk impalers
  5 deep elf death magi (Elf:3)
  A green death (Pan)
  An ettin (Depths:3)
  2 merfolk javelineers (Shoals:4)
  2 deep elf high priests
  A salamander tyrant (Geh:2)
  3 yaktaur captains
  A caustic shrike simulacrum (Coc:7)
  7 vault guards (Vaults:5)
  An ice dragon (Depths:1)
  2 spriggan air magi
  A spriggan skeleton (Pan)
  3 ogre magi
  2 centaur warriors (Vaults:2)
  A stoker (Geh:6)
  2 merfolk aquamancers
  2 deep troll shamans
  A merfolk avatar (Shoals:4)
  An ironbound frostheart (Vaults:2)
  2 anacondas (Snake:4)
  3 dancing weapons
  5 satyrs (Shoals:4)
  2 deep troll earth magi
  A two-headed ogre (Vaults:5)
  2 tengu warriors (Depths:2)
  A spriggan berserker (Depths:2)
  8 naga warriors
  9 hell hogs
  9 naga sharpshooters
  5 shock serpents
  A soul eater (Pan)
  A sun demon (Pan)
  4 skysharks
  A shadow wraith (Pan)
  3 iron trolls
  3 salamander mystics
  A quicksilver dragon simulacrum (Coc:7)
  A bunyip skeleton (Pan)
  5 sea snakes
  7 deep trolls
  7 naga ritualists
  7 mana vipers
  6 deep elf archers
  An ironbound convoker (Vaults:5)
  2 lindwurms (Snake:4)
  3 large abominations (Pan)
  5 deep elf pyromancers
  6 deep elf zephyrmancers
  12 harpies
  3 phantasmal warriors
  6 ugly things
  An orc knight (Vaults:5)
  4 shining eyes (Slime:5)
  2 cyclopes (shapeshifter)
  9 fauns
  7 cyclopes
  An iron dragon skeleton (Pan)
  2 moths of wrath
  7 manticores
  11 black mambas
  8 salamanders
  A molten gargoyle (Lair:5)
  A merfolk siren (Shoals:1)
  2 elephants (Lair:5)
  4 naga magi
  An orange demon (Pan)
  A guardian serpent (Snake:4)
  2 titan simulacra (Coc:3)
  3 vault sentinels
  3 smoke demons (Pan)
  A water nymph (Shoals:4)
  2 eyes of devastation
  12 yaktaurs
  2 hellions
  2 komodo dragons (Lair:5)
  A rime drake (Lair:5)
  An iron giant simulacrum (Coc:7)
  A golden dragon simulacrum (Coc:7)
  An anaconda simulacrum (Coc:7)
  A hellwing (Pan)
  12 merfolk
  A wind drake (Shoals:4)
  A hornet (Depths:1)
  An iron dragon simulacrum (Coc:6)
  7 dream sheep
  2 snapping turtles
  43 slime creatures
  A spriggan (Depths:1)
  A dire elephant simulacrum (Coc:7)
  10 water elementals
  2 basilisks
  2 wyverns (Lair:5)
  2 yaks (Lair:5)
  A fire elemental (Elf:3)
  3 golden eyes
  A steam dragon (Lair:5)
  A harpy simulacrum (Coc:5)
  20 nagas
  2 hell hounds
  2 wolves (Lair:5)
  An electric eel (D:15)
  A jelly (Lair:5)
  3 lava snakes (Lair:5)
  An orc wizard (Vaults:5)
  6 hell rats (Lair:5)
  2 orcs (Vaults:5)
  2 creeping infernos
  3 fire vortices (Geh:7)
516 creatures vanquished.

Vanquished Creatures (others)
  The ghost of agentgt the Executioner, a legendary MiCK of Xom (Zig:10)
  A curse toe (Zig:10)
  A Brimstone Fiend (Zig:9)
  A lich (Depths:3)
  2 shard shrike simulacra
  A balrug (Geh:1)
  A reaper (Hell)
  A yellow draconian (Depths:4)
  5 very ugly thing zombies
  3 deep elf high priests
  2 anacondas
  A demigod zombie (Vaults:2)
  3 titan zombies
  A spriggan berserker (Depths:3)
  A storm dragon zombie (Pan)
  2 deep elf knights
  6 anaconda zombies
  A deep troll (Depths:4)
  A shadow dragon zombie (Vaults:5)
  A tengu zombie (Vaults:5)
  2 deep elf zephyrmancers
  A phantasmal warrior (Zig:10)
  A deep elf pyromancer (Elf:2)
  3 stone giant zombies
  An iron dragon zombie (Vaults:5)
  2 sphinx zombies
  4 ugly thing zombies (Vaults:2)
  A frost giant zombie (Vaults:2)
  2 centaur zombies (Vaults:2)
  A black mamba (Snake:3)
  3 dire elephant zombies (Vaults:2)
  6 shock serpent zombies
  2 sea snake zombies
  2 tormentors
  8 mana viper zombies
  4 harpy zombies
  3 ettin zombies
  An ice dragon zombie (Depths:1)
  32 human zombies
  A satyr zombie (Shoals:4)
  4 guardian serpent zombies (Snake:4)
  2 flying skulls (WizLab)
  10 black mamba zombies
  6 slime creature zombies
  A water elemental (Elf:1)
  7 spriggan zombies
  A skyshark zombie (Shoals:3)
  A two-headed ogre zombie (Vaults:5)
  4 deep troll zombies
  24 elf zombies
  2 faun zombies (Shoals:4)
  15 merfolk zombies
  9 salamander zombies
  2 hell hounds (Elf:1)
  3 lindwurm zombies
  3 manticore zombies
  A blink frog zombie (Lair:5)
  A snapping turtle zombie (Shoals:2)
  A komodo dragon zombie (Lair:5)
  8 yaktaur zombies
  2 wyvern zombies (Lair:5)
  4 yak zombies (Lair:5)
  A wolf zombie (Lair:5)
  An orc priest (Depths:3)
  An orc wizard (Orc:1)
  8 naga zombies
  A steam dragon zombie (Lair:5)
  4 orc zombies (Vaults:5)
  6 ball lightnings (Zig:9)
  3 creeping infernos
  20 fire vortices
  8 tentacles (Shoals:3)
280 creatures vanquished.

Grand Total: 4137 creatures vanquished

Notes
Turn   | Place    | Note
-------+----------+-------------------------------------------
     0 | D:1      | middlethird the Vine Stalker Transmuter began the quest for
                  | the Orb.
     0 | D:1      | Reached XP level 1. HP: 9/9 MP: 4/4
   125 | D:1      | Reached XP level 2. HP: 14/14 MP: 4/6
   128 | D:1      | Learned a level 2 spell: Wereblood
   215 | D:1      | Found a faded altar of an unknown god.
   217 | D:1      | Reached skill level 1 in Fighting
   217 | D:1      | Reached skill level 3 in Spellcasting
   298 | D:1      | Reached XP level 3. HP: 18/18 MP: 6/8
   382 | D:2      | Learned a level 1 spell: Apportation
   502 | D:3      | Found a hazy altar of Hepliaklqana.
   516 | D:3      | Gained mutation: Your natural rate of healing is unusually
                  | fast. [Vine Stalker growth]
   516 | D:3      | Reached XP level 4. HP: 16/22 MP: 2/9
   808 | D:4      | Found Cofir's Magic Scroll Boutique.
   811 | D:4      | Bought a scroll of immolation for 52 gold pieces
   811 | D:4      | Bought a scroll of teleportation for 39 gold pieces
   835 | D:4      | Found a shadowy altar of Dithmenos.
   835 | D:4      | Found a stormy altar of Qazlal.
   853 | D:4      | Reached XP level 5. HP: 26/26 MP: 6/10
   868 | D:4      | Reached skill level 5 in Unarmed Combat
   899 | D:4      | Noticed Ijyb
   921 | D:4      | Killed Ijyb
  1087 | D:3      | Reached XP level 6. HP: 27/30 MP: 5/11
  1273 | D:4      | Bought a scroll of fear for 52 gold pieces
  1273 | D:4      | Bought a scroll of poison for 52 gold pieces
  1297 | D:5      | Entered Level 5 of the Dungeon
  1344 | D:5      | Reached XP level 7. HP: 25/36 MP: 12/12
  1762 | D:6      | Found a staircase to the Ecumenical Temple.
  1778 | Temple   | Entered the Ecumenical Temple
  1852 | Temple   | Became a worshipper of Cheibriados the Contemplative
  1915 | D:6      | Found Osinonez's Magic Scroll Emporium.
  1969 | D:6      | Reached skill level 4 in Spellcasting
  1969 | D:6      | Gained mutation: You have razor-sharp teeth. [Vine Stalker
                  | growth]
  1969 | D:6      | Reached XP level 8. HP: 40/40 MP: 6/15
  2025 | D:6      | Identified the +2 war axe "Ryfeunwitu" {vamp, rC+}
  2031 | D:6      | Noticed Blork the orc
  2042 | D:6      | Killed Blork the orc
  2204 | D:7      | Reached * piety under Cheibriados
  2270 | D:7      | HP: 3/63 [ice beast (8)]
  2271 | D:7      | Reached XP level 9. HP: 3/45 MP: 0/16
  2325 | D:7      | Found Fiqux's Overcharged Wands.
  2328 | D:7      | Found an iron altar of Okawaru.
  2387 | D:7      | Reached skill level 5 in Spellcasting
  2528 | D:8      | Identified the +9 spear "Suso" {freeze, Int+3 Dex+4}
  2534 | D:8      | Reached ** piety under Cheibriados
  2584 | D:8      | Noticed Amaemon
  2589 | D:8      | Noticed an orange demon
  2598 | D:8      | Killed Amaemon
  2599 | D:8      | Reached skill level 10 in Unarmed Combat
  2605 | D:8      | Killed an orange demon
  2642 | D:8      | Reached XP level 10. HP: 45/51 MP: 15/19
  2662 | D:8      | Reached skill level 6 in Spellcasting
  2766 | D:9      | Reached skill level 5 in Fighting
  2832 | D:9      | Reached *** piety under Cheibriados
  2861 | D:9      | Found a staircase to the Lair.
  2919 | D:9      | Noticed Psyche
  2927 | D:9      | Killed Psyche
  2928 | D:9      | Reached XP level 11. HP: 56/56 MP: 21/21
  2930 | D:9      | Noticed Erolcha
  3031 | D:9      | Reached **** piety under Cheibriados
  3051 | D:9      | Killed Erolcha
  3227 | D:10     | Entered Level 10 of the Dungeon
  3284 | D:10     | Reached ***** piety under Cheibriados
  3313 | D:10     | Found a staircase to the Orcish Mines.
  3358 | D:10     | Gained mutation: You are dopey. (Int -2) [potion of
                  | mutation]
  3359 | D:10     | Lost mutation: You are dopey. (Int -2) [potion of mutation]
  3359 | D:10     | Gained mutation: You have a pair of small horns on your
                  | head. [potion of mutation]
  3370 | D:10     | Noticed a two-headed ogre
  3382 | D:10     | Killed a two-headed ogre
  3386 | D:10     | Reached skill level 7 in Spellcasting
  3456 | D:10     | Noticed a two-headed ogre
  3463 | D:10     | Killed a two-headed ogre
  3542 | D:10     | Reached skill level 8 in Spellcasting
  3643 | D:11     | Noticed a boulder beetle
  3668 | D:11     | Killed a boulder beetle
  3731 | D:11     | Reached skill level 1 in Invocations
  3737 | D:11     | Reached XP level 12. HP: 64/64 MP: 23/25
  3893 | D:12     | Identified the +5 ring mail of Greed {rCorr}
  3912 | D:12     | Noticed a boulder beetle
  3926 | D:12     | Killed a boulder beetle
  3971 | D:12     | Reached ****** piety under Cheibriados
  4042 | D:12     | Noticed a two-headed ogre
  4047 | D:12     | Killed a two-headed ogre
  4048 | D:12     | Reached skill level 1 in Armour
  4235 | D:13     | Noticed a two-headed ogre
  4243 | D:13     | Killed a two-headed ogre
  4363 | D:13     | Noticed Frances
  4380 | D:13     | Killed Frances
  4381 | D:13     | Reached skill level 5 in Dodging
  4426 | D:13     | Reached skill level 9 in Spellcasting
  4542 | D:13     | Noticed Maurice
  4549 | D:13     | Killed Maurice
  4647 | D:13     | Noticed a centaur warrior
  4647 | D:13     | Noticed a boulder beetle
  4647 | D:13     | Noticed a centaur warrior
  4647 | D:13     | Noticed a boulder beetle
  4660 | D:13     | Killed a centaur warrior
  4676 | D:13     | Killed a boulder beetle
  4679 | D:13     | Noticed a tengu warrior
  4759 | D:13     | Killed a tengu warrior
  4760 | D:13     | Reached XP level 13. HP: 59/69 MP: 27/27
  4781 | D:13     | Reached skill level 10 in Spellcasting
  4847 | D:14     | Reached skill level 5 in Armour
  4996 | D:14     | Reached skill level 10 in Fighting
  4996 | D:14     | Reached skill level 1 in Translocations
  5011 | D:14     | Reached skill level 5 in Invocations
  5062 | D:14     | Found a gate to the Vaults.
  5221 | D:14     | Reached XP level 14. HP: 71/77 MP: 29/29
  5329 | D:14     | Reached skill level 1 in Shields
  5381 | D:14     | Found a corrupted altar of Lugonu.
  5566 | D:15     | Entered Level 15 of the Dungeon
  5626 | D:15     | Found a staircase to the Depths.
  5681 | D:15     | HP: 1/115 [cyan ugly thing (10)]
  5799 | D:15     | Reached skill level 11 in Spellcasting
  6085 | Orc:1    | Entered Level 1 of the Orcish Mines
  6156 | Orc:1    | Learned a level 2 spell: Lesser Beckoning
  6159 | Orc:1    | Learned a level 2 spell: Blink
  6248 | Orc:2    | Entered Level 2 of the Orcish Mines
  6291 | Orc:2    | Found a gate leading to a gauntlet.
  6320 | Gauntlet | Entered a Gauntlet
  6320 | Gauntlet | Found a transporter.
  6323 | Gauntlet | Found a transporter.
  6324 | Gauntlet | Found a transporter.
  6325 | Gauntlet | Found a transporter.
  6328 | Gauntlet | Found a transporter.
  6335 | Gauntlet | Found a transporter.
  6337 | Gauntlet | Found a transporter.
  6344 | Gauntlet | Found a transporter.
  6375 | Gauntlet | Found a transporter.
  6393 | Gauntlet | Found a transporter.
  6397 | Gauntlet | Found a transporter.
  6410 | Gauntlet | Found a transporter.
  6460 | Gauntlet | Identified the ring of Amagh {rPois SInv}
  6491 | Gauntlet | Identified the +1 ring mail of Lifelessness {rElec rPois
                  | rF++ Int-5}
  6493 | Gauntlet | Identified the +0 pair of gloves of Yredelemnul's Whim
                  | {rPois}
  6504 | Gauntlet | Identified the +0 pearl dragon scales of Divine
                  | Intervention {rElec rN+ Str+6}
  6541 | Gauntlet | Identified the +6 short sword of Bread {drain, rElec}
  6544 | Gauntlet | Identified the +0 leather armour "Xuoseuth" {+Blink +Inv
                  | rPois Stlth-}
  6547 | Gauntlet | Got the Teachings on Bewitchment
  6716 | Orc:2    | Found a staircase to the Elven Halls.
  6771 | Orc:2    | Reached skill level 5 in Shields
  6819 | Orc:2    | Reached skill level 12 in Spellcasting
  6819 | Orc:2    | Found Plog's Magic Scroll Shoppe.
  6859 | Orc:2    | Found Isagoul's General Store.
  6873 | Orc:2    | Bought a scroll of acquirement for 572 gold pieces
  6873 | Orc:2    | Acquired 1397 gold pieces
  6877 | Orc:2    | Bought 2 scrolls of magic mapping for 210 gold pieces
  6877 | Orc:2    | Bought a scroll of blinking for 105 gold pieces
  6954 | Orc:2    | Reached XP level 15. HP: 81/81 MP: 32/32
  7015 | Orc:2    | Found Udduraff's Jewellery Boutique.
  7015 | Orc:2    | Found Najepar's Antique Armour Shop.
  7015 | Orc:2    | Found a one-way gate leading to the halls of Pandemonium.
  7027 | Orc:2    | Bought a pair of glowing boots for 225 gold pieces
  7078 | Orc:2    | Bought a wand of digging (5) for 294 gold pieces
  7080 | Orc:2    | Bought a scroll of enchant armour for 82 gold pieces
  7080 | Orc:2    | Bought a scroll of immolation for 44 gold pieces
  7080 | Orc:2    | Bought a scroll of poison for 44 gold pieces
  7080 | Orc:2    | Bought a scroll of poison for 44 gold pieces
  7080 | Orc:2    | Bought a scroll of poison for 44 gold pieces
  7205 | Orc:1    | Found Efykkel's Weapon Shoppe.
  7219 | Orc:1    | Found a shimmering altar of Xom.
  7368 | Lair:1   | Entered Level 1 of the Lair of Beasts
  7368 | Lair:1   | Noticed Sonja
  7373 | Lair:1   | Killed Sonja
  7580 | Lair:1   | Found a transporter.
  7595 | Lair:1   | Found a transporter.
  7618 | Lair:1   | Identified the +6 plate armour "Surcholl" {rElec Str-4
                  | Stlth+}
  8113 | Lair:4   | Found a frozen archway.
  8139 | IceCv    | Entered an ice cave
  8273 | IceCv    | Reached skill level 1 in Necromancy
  8668 | Lair:4   | Learned a level 4 spell: Animate Dead
  8700 | Lair:4   | Acquired the staff of death "Ojirucam" {rN+ Will+ Int+2
                  | Stlth+}
  8808 | Lair:3   | Reached skill level 5 in Necromancy
  9186 | Lair:5   | Entered Level 5 of the Lair of Beasts
  9331 | Lair:5   | Noticed Rupert
  9346 | Lair:5   | Killed Rupert
  9347 | Lair:5   | Reached XP level 16. HP: 52/88 MP: 31/33
  9390 | Lair:5   | Learned a level 6 spell: Death Channel
  9524 | Lair:5   | Found a staircase to the Slime Pits.
  9525 | Lair:5   | Found a viscous altar of Jiyva.
  9599 | Lair:5   | Reached skill level 10 in Necromancy
  9719 | Lair:5   | Reached skill level 1 in Earth Magic
  9725 | Lair:5   | Found a large runed translucent door.
  9725 | Lair:5   | Found a large runed translucent door.
  9764 | Lair:5   | Learned a level 5 spell: Borgnjor's Vile Clutch
  9942 | Lair:3   | Found a staircase to the Shoals.
 10094 | Lair:2   | Found a staircase to the Snake Pit.
 10107 | Snake:1  | Entered Level 1 of the Snake Pit
 10309 | Snake:2  | Found a runed translucent door.
 10309 | Snake:2  | Noticed JumbleTraveling's ghost (adept GrBe)
 10362 | Snake:2  | Killed JumbleTraveling's ghost
 10424 | Snake:2  | Reached skill level 10 in Shields
 10604 | Snake:3  | Reached XP level 17. HP: 84/93 MP: 30/34
 10633 | Snake:4  | Entered Level 4 of the Snake Pit
 10814 | Snake:4  | Reached skill level 10 in Armour
 10871 | Snake:4  | Got a serpentine rune of Zot
 11268 | Snake:4  | Reached XP level 18. HP: 41/98 MP: 24/35
 11272 | Snake:4  | Reached skill level 13 in Spellcasting
 11510 | Snake:4  | Reached skill level 15 in Unarmed Combat
 11886 | Snake:3  | Learned a level 6 spell: Simulacrum
 11906 | Snake:2  | Lost mutation: You have a pair of small horns on your head.
                  | [potion of mutation]
 11906 | Snake:2  | Gained mutation: You have a somewhat thin skeletal
                  | structure. (Dex +2, Stealth+) [potion of mutation]
 11906 | Snake:2  | Gained mutation: Your spells are a little easier to cast,
                  | but a little less powerful. [potion of mutation]
 12192 | Snake:1  | Reached skill level 1 in Ice Magic
 12373 | Shoals:1 | Entered Level 1 of the Shoals
 12479 | Shoals:2 | Reached skill level 14 in Spellcasting
 12490 | Shoals:2 | Noticed Jorgrun
 12492 | Shoals:2 | Killed Jorgrun
 12844 | Shoals:3 | Found Ofain's Antique Armour Emporium.
 12880 | Shoals:3 | Bought a warped scarf for 330 gold pieces
 12880 | Shoals:3 | Identified the scarf of Noxious Birdsong {repulsion, Str+5
                  | SInv} (You bought it in a shop on level 3 of the Shoals)
 12918 | Shoals:3 | Reached XP level 19. HP: 102/102 MP: 35/38
 13032 | Shoals:4 | Entered Level 4 of the Shoals
 13167 | Shoals:4 | Noticed Nikola
 13176 | Shoals:4 | Killed Nikola
 13245 | Shoals:4 | Identified the +9 rapier of Hiongu {freeze, Will- Int+5}
 13319 | Shoals:4 | Identified the staff of conjuration "Mysud" {+Blink rC+
                  | Int+4}
 13320 | Shoals:4 | Got a barnacled rune of Zot
 13908 | Slime:1  | Entered Level 1 of the Pits of Slime
 13966 | Slime:1  | Gained mutation: You are dopey. (Int -2) [a shining eye]
 14127 | Slime:4  | Reached XP level 20. HP: 111/111 MP: 39/39
 14195 | Slime:5  | Entered Level 5 of the Pits of Slime
 14247 | Slime:5  | Gained mutation: You are very dopey. (Int -4) [a shining
                  | eye]
 14247 | Slime:5  | Gained mutation: Armour fits poorly on your strangely
                  | shaped body. [a shining eye]
 14248 | Slime:5  | Noticed the Royal Jelly
 14255 | Slime:5  | Reached skill level 10 in Invocations
 14263 | Slime:5  | Killed the Royal Jelly
 14320 | Slime:5  | Gained mutation: You occasionally lose the ability to drink
                  | potions when taking damage. [a shining eye]
 14352 | Slime:5  | Gained mutation: You are vulnerable to heat. (rF-) [a
                  | shining eye]
 14366 | Slime:5  | Identified the amulet "Ceipaustau" {Faith +Inv rPois Int+7}
 14378 | Slime:5  | Identified the ring "Acripp" {rPois Dex+6}
 14395 | Slime:5  | Identified the ring "Assim" {AC+4 Int+4}
 14397 | Slime:5  | Identified the +1 leather armour of the Illusory Visions
                  | {Drain rF++ rC+}
 14399 | Slime:5  | Got Cog Zusm's Book of the Weathered Snake
 14399 | Slime:5  | Got the Quarto of Battle Magic
 14399 | Slime:5  | Got a slimy rune of Zot
 14403 | Slime:5  | Learned a level 2 spell: Passwall
 14410 | Slime:5  | Identified the staff of cold "Ugaddium" {rPois rC+}
 14447 | Slime:5  | Identified the +6 dagger of Cataclysm {holy, Str+3}
 14523 | Lair:5   | Lost mutation: Armour fits poorly on your strangely shaped
                  | body. [potion of mutation]
 14523 | Lair:5   | Lost mutation: You are vulnerable to heat. (rF-) [potion of
                  | mutation]
 14523 | Lair:5   | Gained mutation: You are partially covered in iridescent
                  | scales. (AC +2) [potion of mutation]
 14523 | Lair:5   | Gained mutation: You are mostly covered in iridescent
                  | scales. (AC +4) [potion of mutation]
 14523 | Lair:5   | Lost mutation: You occasionally lose the ability to drink
                  | potions when taking damage. [potion of mutation]
 14524 | Lair:5   | Lost mutation: You are very dopey. (Int -4) [potion of
                  | mutation]
 14524 | Lair:5   | Lost mutation: You are mostly covered in iridescent scales.
                  | (AC +4) [potion of mutation]
 14524 | Lair:5   | Gained mutation: You are resistant to electric shocks.
                  | (rElec) [potion of mutation]
 14779 | Elf:1    | Entered Level 1 of the Elven Halls
 14855 | Elf:1    | Noticed Azrael
 14964 | Elf:1    | Killed Azrael
 15697 | Elf:3    | Entered Level 3 of the Elven Halls
 15724 | Elf:3    | Reached XP level 21. HP: 115/115 MP: 38/40
 15734 | Elf:3    | Reached skill level 15 in Spellcasting
 15823 | Elf:3    | Found Baqiven's Weapon Boutique.
 16134 | Elf:3    | Identified the +9 scale mail "Onocwim" {Fly Regen+ rCorr}
 16148 | Elf:3    | Identified the +4 broad axe "Beroem" {distort, *Corrode
                  | +Blink MP+9 Int+6}
 16148 | Elf:3    | Identified the amulet "Faptuv" {Faith Str+2}
 16154 | Elf:3    | Identified the ring "Turchukoupn" {Will+ Str+4 Int+6}
 16178 | Elf:3    | Identified the +9 dagger of Futeript {heavy, rPois Str+3}
 16193 | Elf:3    | Reached skill level 15 in Shields
 16212 | Elf:3    | Got Sif Muna's Directory of the Hornet and Stones
 16212 | Elf:3    | Got the Tractate on Petrified Phlogiston
 16217 | Elf:3    | Identified the staff of poison "Qef Bir" {rElec rPois rC++
                  | Will- Stlth+}
 16236 | Elf:3    | Learned a level 3 spell: Vhi's Electric Charge
 16244 | Elf:3    | Learned a level 6 spell: Statue Form
 16294 | Elf:3    | Lost mutation: Your spells are a little easier to cast, but
                  | a little less powerful. [potion of mutation]
 16294 | Elf:3    | Lost mutation: You are dopey. (Int -2) [potion of mutation]
 16294 | Elf:3    | Gained mutation: A frigid envelope surrounds you and
                  | freezes all who hurt you. [potion of mutation]
 16294 | Elf:3    | Gained mutation: You have a pair of small antennae on your
                  | head. [potion of mutation]
 16314 | Elf:3    | Lost mutation: You have a pair of small antennae on your
                  | head. [potion of mutation]
 16314 | Elf:3    | Lost mutation: You are partially covered in iridescent
                  | scales. (AC +2) [potion of mutation]
 16314 | Elf:3    | Lost mutation: You are resistant to electric shocks.
                  | (rElec) [potion of mutation]
 16314 | Elf:3    | Lost mutation: You have a somewhat thin skeletal structure.
                  | (Dex +2, Stealth+) [potion of mutation]
 16314 | Elf:3    | Gained mutation: You have sharp fingernails. [potion of
                  | mutation]
 16314 | Elf:3    | Gained mutation: Armour fits poorly on your strangely
                  | shaped body. [potion of mutation]
 16314 | Elf:3    | Gained mutation: You are partially covered in iridescent
                  | scales. (AC +2) [potion of mutation]
 16315 | Elf:3    | Lost mutation: A frigid envelope surrounds you and freezes
                  | all who hurt you. [potion of mutation]
 16315 | Elf:3    | Lost mutation: Armour fits poorly on your strangely shaped
                  | body. [potion of mutation]
 16315 | Elf:3    | Lost mutation: You have sharp fingernails. [potion of
                  | mutation]
 16315 | Elf:3    | Gained mutation: You are agile. (Dex +4, Str/Int -1)
                  | [potion of mutation]
 16315 | Elf:3    | Gained mutation: You expend magic power (3 MP) to
                  | strengthen your wands. [potion of mutation]
 16562 | Elf:1    | Reached skill level 16 in Spellcasting
 16806 | Vaults:1 | Entered Level 1 of the Vaults
 16992 | Vaults:1 | Found Opturit's Distillery.
 17000 | Vaults:1 | Bought a potion of curing for 51 gold pieces
 17000 | Vaults:1 | Bought 2 potions of brilliance for 136 gold pieces
 17000 | Vaults:1 | Bought a potion of attraction for 51 gold pieces
 17000 | Vaults:1 | Bought a potion of might for 68 gold pieces
 17000 | Vaults:1 | Bought a potion of invisibility for 136 gold pieces
 17180 | Vaults:2 | Noticed Frederick
 17185 | Vaults:2 | Reached skill level 5 in Earth Magic
 17186 | Vaults:2 | Killed Frederick
 17187 | Vaults:2 | Reached skill level 5 in Transmutations
 17187 | Vaults:2 | Noticed Zenata
 17201 | Vaults:2 | Your ally Frederick died
 17418 | Vaults:2 | Reached XP level 22. HP: 120/120 MP: 43/43
 17493 | Vaults:2 | Killed Zenata
 17705 | Vaults:3 | Noticed Xtahua
 17712 | Vaults:3 | Killed Xtahua
 17742 | Vaults:3 | Found Ocsuebb's Book Emporium.
 17745 | Vaults:3 | Bought a book of Decay for 480 gold pieces
 17745 | Vaults:3 | Bought a Necronomicon for 896 gold pieces
 17804 | Vaults:3 | Identified the +1 leather armour "Ymoon" {rElec rN+++ rCorr
                  | Str-5}
 17938 | Vaults:3 | Found a staircase to the Crypt.
 18130 | Vaults:5 | Entered Level 5 of the Vaults
 18237 | Vaults:4 | Found a magical portal.
 18254 | WizLab   | Entered Borgnjor's Mausoleum
 18525 | WizLab   | Got the Discursus on Stolen Souls
 18763 | Vaults:4 | Learned a level 5 spell: Lee's Rapid Deconstruction
 18813 | Vaults:5 | Reached XP level 23. HP: 87/124 MP: 37/44
 18865 | Vaults:5 | Noticed an ancient lich
 18870 | Vaults:5 | Killed an ancient lich
 18930 | Vaults:5 | Identified the +2 robe "Xuirun" {Dex+3}
 18931 | Vaults:5 | Identified the +7 short sword of Jauvicka {elec, rC+ Will+
                  | MP+9}
 18963 | Vaults:5 | Reached skill level 17 in Spellcasting
 19013 | Vaults:5 | Noticed a golden dragon
 19022 | Vaults:5 | Killed a golden dragon
 19046 | Vaults:5 | Noticed a golden dragon
 19049 | Vaults:5 | Identified the +1 robe of Monotheism {Harm rN+}
 19068 | Vaults:5 | Killed a golden dragon
 19136 | Vaults:5 | Identified the staff of air "Pybrai" {rElec rPois SInv}
 19601 | Vaults:5 | Got a silver rune of Zot
 20226 | Vaults:3 | Found Daiteh's General Store.
 20234 | Vaults:3 | Bought a scroll of enchant armour for 120 gold pieces
 20234 | Vaults:3 | Bought a potion of curing for 48 gold pieces
 20234 | Vaults:3 | Bought a potion of might for 64 gold pieces
 20234 | Vaults:3 | Bought a scroll of teleportation for 48 gold pieces
 20288 | Vaults:2 | Found Hibloorph's Magic Scroll Shoppe.
 20298 | Vaults:2 | Reached skill level 18 in Spellcasting
 20304 | Vaults:2 | Bought a scroll of fog for 48 gold pieces
 20304 | Vaults:2 | Bought a scroll of acquirement for 624 gold pieces
 20304 | Vaults:2 | Bought a scroll of fog for 48 gold pieces
 20304 | Vaults:2 | Bought a scroll of magic mapping for 90 gold pieces
 20304 | Vaults:2 | Bought a scroll of magic mapping for 90 gold pieces
 20304 | Vaults:2 | Acquired 975 gold pieces
 20388 | Vaults:2 | Noticed Jory
 20395 | Vaults:2 | Killed Jory
 20414 | Vaults:2 | You fall into a shaft and drop 1 floor!
 20524 | Vaults:2 | Identified the +5 scale mail of Faosiaq {Fly Str+2}
 20544 | Vaults:2 | Found a huge runed gate.
 20544 | Vaults:2 | Found a huge runed gate.
 20544 | Vaults:2 | Found a huge runed gate.
 20544 | Vaults:2 | Found a huge runed gate.
 20545 | Vaults:2 | Found a huge runed gate.
 20545 | Vaults:2 | Found a huge runed gate.
 20545 | Vaults:2 | Found a huge runed gate.
 20545 | Vaults:2 | Found a huge runed gate.
 20545 | Vaults:2 | Found a huge runed gate.
 20545 | Vaults:2 | Found a huge runed gate.
 20565 | Vaults:2 | Reached XP level 24. HP: 129/129 MP: 44/46
 20719 | Vaults:1 | Found a transporter.
 20721 | Vaults:1 | Noticed Ogiufoxyo's ghost (adept MfIE)
 20724 | Vaults:1 | Noticed a dread lich
 20726 | Vaults:1 | Identified the ring of Lucidity {rPois EV+5}
 20871 | D:15     | Identified the staff of conjuration "Cofanor" {Drain rC+++
                  | Str+5 Int-4}
 20903 | Depths:1 | Entered Level 1 of the Depths
 20967 | Depths:1 | Found a portal to a secret trove of treasure.
 21081 | Depths:1 | You paid a toll of +5 ice dragon scales to enter a treasure
                  | trove
 21082 | Trove    | Entered a treasure trove
 21234 | Depths:1 | Found a gateway to Hell.
 21300 | Depths:1 | Identified the +1 scale mail of Myiw Yhuzut {rElec rC+
                  | Int+2 Dex+2}
 21305 | Depths:1 | Noticed Louise
 21309 | Depths:1 | Killed Louise
 21311 | Depths:1 | Found a one-way gate to the infinite horrors of the Abyss.
 21378 | Depths:2 | Identified the +0 leather armour "Earthly Heaven" {Harm
                  | rElec rCorr Dex-3}
 21730 | Depths:2 | Reached skill level 10 in Dodging
 21751 | Depths:2 | Paralysed by a floating eye for 4 turns
 21935 | Depths:3 | Reached skill level 15 in Necromancy
 21942 | Depths:3 | Paralysed by a floating eye for 3 turns
 21976 | Depths:3 | Found a one-way gateway to a ziggurat.
 22128 | Depths:3 | Found a white marble altar of Elyvilon.
 22193 | Depths:3 | Reached XP level 25. HP: 135/135 MP: 46/46
 22199 | Depths:3 | Noticed Saint Roka
 22214 | Depths:3 | Killed Saint Roka
 22306 | Depths:3 | Learned a level 8 spell: Necromutation
 22420 | Depths:4 | Entered Level 4 of the Depths
 22420 | Depths:4 | Found a sparkling altar of Nemelex Xobeh.
 22422 | Depths:4 | Noticed the Enchantress
 22431 | Depths:4 | Killed the Enchantress
 22442 | Depths:4 | Found a flickering gateway to a bazaar.
 22443 | Depths:4 | Noticed Parghit
 22448 | Depths:4 | Killed Parghit
 22474 | Depths:4 | Reached skill level 15 in Fighting
 22480 | Bazaar   | Entered a bazaar
 22480 | Bazaar   | Found Raeto's Antique Armour Shoppe.
 22492 | Bazaar   | Found Nauwk's Antique Armour Shoppe.
 22505 | Bazaar   | Found Immoskic's Antique Armour Shoppe.
 22525 | Bazaar   | Bought the +3 hat of Pondering {ponderous, Will+ MP+10
                  | Int+5} for 1066 gold pieces
 22525 | Bazaar   | Found the +3 hat of Pondering {ponderous, Will+ MP+10
                  | Int+5}
 22525 | Bazaar   | Bought a pair of transparent gloves for 266 gold pieces
 22525 | Bazaar   | Identified the +0 pair of gloves of Zeiqeig {rN+} (You
                  | bought it in a shop in a bazaar)
 22642 | Depths:4 | Found a gate to the Realm of Zot.
 22668 | Depths:4 | Noticed Mennas
 22678 | Depths:4 | Killed Mennas
 22764 | Pan      | Entered Pandemonium
 23003 | Pan      | Found a glowing silver altar of Zin.
 23050 | Pan      | Reached skill level 10 in Transmutations
 23336 | Pan      | Identified the -1 buckler of the Black Skies {Int+2}
 23546 | Pan      | Identified the +1 buckler of Ijeafat {rElec rC+}
 23681 | Pan      | Noticed a seraph
 23684 | Pan      | Identified the ring "Tatyzo" {*Corrode rPois rF++ Int+6}
 23685 | Pan      | Killed a seraph
 23713 | Pan      | Identified the +4 morningstar of Devotion {heavy, Dex+3
                  | Stlth+}
 23730 | Pan      | Reached XP level 26. HP: 136/142 MP: 46/46
 23730 | Pan      | Found a glowing golden altar of the Shining One.
 23743 | Pan      | Identified the +1 rapier "Xyrodiot" {flame, *Rage rC++ rN+}
 23744 | Pan      | Identified the +6 dagger of Moral Flaws {elec, *Rage Drain
                  | rPois rC+++}
 23745 | Pan      | Identified the +1 broad axe of Zefoas {elec, rPois rC+
                  | Will+ Dex+3}
 23748 | Pan      | Got Usuivaol's Guidebook on Elsewhere
 23748 | Pan      | Got a demonic rune of Zot
 23869 | Depths:2 | Escaped Pandemonium
 23871 | Pan      | Entered the realm of Cerebov.
 23871 | Pan      | Entered Pandemonium
 23908 | Pan      | Found the +6 sword of Cerebov {flame}
 23908 | Pan      | Noticed Cerebov
 23940 | Pan      | Killed Cerebov
 23956 | Pan      | Identified the +6 chain mail of the Other Side {rPois rF-
                  | rN+ Int+3}
 23957 | Pan      | Identified the staff of cold "Vigehaidd" {rC+ Str+2}
 24012 | Pan      | Got a fiery rune of Zot
 24092 | Pan      | Identified the +10 spear of the Four Beds {freeze, *Corrode
                  | rPois rC+ rN++}
 24220 | Pan      | Identified the +2 helmet "Doynuep" {rPois rF- Regen+ Int-3}
 24557 | Pan      | Noticed Cukak the pandemonium lord
 24582 | Pan      | Killed Cukak the pandemonium lord
 24799 | Pan      | Found an exit through the horrors of the Abyss.
 24807 | Pan      | Entered the realm of Gloorx Vloq.
 24819 | Pan      | Identified the +7 great mace of the Reaper {heavy, rC-
                  | Str+3 Dex+5}
 24918 | Pan      | Noticed Gloorx Vloq
 25004 | Pan      | Killed Gloorx Vloq
 25049 | Pan      | Got a dark rune of Zot
 25242 | Pan      | Entered the realm of Mnoleg.
 25323 | Pan      | Reached XP level 27. HP: 147/147 MP: 46/46
 25420 | Pan      | Noticed Mnoleg
 25433 | Pan      | Killed Mnoleg
 25438 | Pan      | Reached skill level 1 in Fire Magic
 25486 | Pan      | Got a glowing rune of Zot
 25609 | Pan      | Reached skill level 5 in Fire Magic
 25659 | Pan      | Entered the realm of Lom Lobon.
 25687 | Pan      | Found an exit through the horrors of the Abyss.
 25947 | Pan      | Noticed Lom Lobon
 26089 | Pan      | Killed Lom Lobon
 26115 | Pan      | Got a magical rune of Zot
 26164 | Pan      | Learned a level 8 spell: Ignition
 26319 | Pan      | Took an exit into the Abyss.
 26319 | Abyss:1  | Escaped into the Abyss
 26336 | Abyss:1  | Reached skill level 10 in Fire Magic
 26516 | Abyss:1  | Identified the +8 war axe of the Everdark {venom, *Corrode
                  | rN+ MP+9 Int+4}
 26795 | Abyss:4  | Got an abyssal rune of Zot
 26810 | Depths:2 | Escaped the Abyss
 26817 | Depths:2 | Noticed Bai Suzhen
 26817 | Depths:2 | Noticed Mara
 26821 | Depths:2 | Killed Bai Suzhen
 26822 | Depths:2 | Noticed middlethird's illusion
 26835 | Depths:2 | Killed Mara
 26962 | Hell     | Entered the Vestibule of Hell
 26962 | Hell     | Noticed Geryon
 26973 | Hell     | Killed Geryon
 27127 | Hell     | Reached skill level 15 in Fire Magic
 27173 | Hell     | Found a gateway to the freezing wastes of Cocytus.
 27229 | Hell     | Found a gateway to the decaying netherworld of Tartarus.
 27239 | Tar:1    | Entered Level 1 of Tartarus
 27639 | Tar:4    | Reached skill level 19 in Spellcasting
 27767 | Tar:5    | You are sucked into a shaft and drop 1 floor!
 27909 | Tar:7    | Entered Level 7 of Tartarus
 27967 | Tar:7    | Reached skill level 20 in Spellcasting
 27976 | Tar:7    | Identified the ring of Qimyxad {Str+6 Int+2 SInv}
 28145 | Tar:7    | Noticed a dread lich
 28146 | Tar:7    | Noticed an ancient lich
 28158 | Tar:7    | Killed an ancient lich
 28173 | Tar:7    | Paralysed by a dread lich for 5 turns
 28178 | Tar:7    | Killed a dread lich
 28254 | Tar:7    | Noticed an ancient lich
 28261 | Tar:7    | Killed an ancient lich
 28293 | Tar:7    | Got Jorgrun's Discursus on the Volcano
 28296 | Tar:7    | Identified the ring of Abstinence {Drain +Blink Fly rPois
                  | Str+4}
 28401 | Tar:7    | Noticed an ancient lich
 28415 | Tar:7    | Killed an ancient lich
 28483 | Tar:7    | Found the +9 staff of Olgreb {rPois∞}
 28503 | Tar:7    | Noticed Ereshkigal
 28532 | Tar:7    | Killed Ereshkigal
 28625 | Tar:7    | Got a bone rune of Zot
 28741 | Tar:7    | Identified the +2 scale mail of Tenacity {Drain rC+ rCorr
                  | Slay+3}
 28993 | Hell     | Found a gateway to the ashen valley of Gehenna.
 29008 | Geh:1    | Entered Level 1 of Gehenna
 29543 | Geh:7    | Entered Level 7 of Gehenna
 29868 | Geh:7    | Identified the ring "Mootra Cicon" {rPois EV+5 Str-2 Dex+3}
 30012 | Geh:7    | Found the +13 sceptre of Asmodeus
 30012 | Geh:7    | Noticed Asmodeus
 30026 | Geh:7    | Killed Asmodeus
 30042 | Geh:7    | Got an obsidian rune of Zot
 30308 | Coc:1    | Entered Level 1 of Cocytus
 30554 | Coc:4    | Reached skill level 21 in Spellcasting
 30751 | Coc:5    | Noticed an ancient lich
 30760 | Coc:5    | Killed an ancient lich
 30858 | Coc:7    | Entered Level 7 of Cocytus
 30905 | Coc:7    | Reached skill level 22 in Spellcasting
 30984 | Coc:7    | Noticed Antaeus
 31008 | Coc:7    | Killed Antaeus
 31012 | Coc:7    | Paralysed by a wendigo for 1 turns
 31076 | Coc:7    | Got an icy rune of Zot
 31248 | Hell     | Found a gateway to the Iron City of Dis.
 31271 | Dis:1    | Entered Level 1 of the Iron City of Dis
 31605 | Dis:6    | Found a huge runed gate.
 31605 | Dis:6    | Found a huge runed gate.
 31605 | Dis:6    | Found a huge runed gate.
 31636 | Dis:6    | Found a huge runed gate.
 31636 | Dis:6    | Found a huge runed gate.
 31636 | Dis:6    | Found a huge runed gate.
 31637 | Dis:6    | Found a huge runed gate.
 31637 | Dis:6    | Found a huge runed gate.
 31637 | Dis:6    | Found a huge runed gate.
 31638 | Dis:6    | Found a huge runed gate.
 31639 | Dis:6    | Found a huge runed gate.
 31707 | Dis:6    | Noticed a dread lich
 31721 | Dis:6    | Killed a dread lich
 31871 | Dis:6    | Found a huge runed gate.
 31871 | Dis:6    | Found a huge runed gate.
 31871 | Dis:6    | Found a huge runed gate.
 31881 | Dis:7    | Entered Level 7 of the Iron City of Dis
 31996 | Dis:7    | Reached skill level 15 in Transmutations
 32095 | Dis:7    | Learned a level 8 spell: Borgnjor's Revivification
 32241 | Dis:7    | Noticed the Serpent of Hell
 32254 | Dis:7    | Killed the Serpent of Hell
 32326 | Dis:7    | Noticed a juggernaut
 32326 | Dis:7    | Noticed Dispater
 32440 | Dis:7    | Killed a juggernaut
 32487 | Dis:7    | Identified the staff of air "Suog" {rElec Int+8}
 32487 | Dis:7    | Identified the ring of Past Mistakes {rC+ Will+ Int+4}
 32510 | Dis:7    | Killed Dispater
 32519 | Dis:7    | Identified the ring of Poxicw {Will+ MP+9 Int+8}
 32534 | Dis:7    | Got an iron rune of Zot
 32744 | Zot:1    | Entered Level 1 of the Realm of Zot
 32763 | Zot:2    | Reached skill level 15 in Armour
 32835 | Zot:2    | Noticed an orb of fire
 32842 | Zot:2    | Killed an orb of fire
 33018 | Zot:5    | Entered Level 5 of the Realm of Zot
 33033 | Zot:5    | Reached skill level 23 in Spellcasting
 33152 | Zot:5    | Noticed an orb of fire
 33161 | Zot:5    | Killed an orb of fire
 33171 | Zot:5    | Reached skill level 24 in Spellcasting
 33226 | Zot:5    | Got the Orb of Zot
 33233 | Zot:5    | Noticed an ancient lich
 33246 | Zot:5    | Killed an ancient lich
 33453 | Depths:3 | Noticed Yroliusa the pandemonium lord
 33461 | Depths:3 | Killed Yroliusa the pandemonium lord
 33481 | Zig:1    | Entered Level 1 of a ziggurat
 33482 | Zig:1    | Noticed Huuham the pandemonium lord
 33488 | Zig:1    | Killed Huuham the pandemonium lord
 33501 | Zig:2    | Entered Level 2 of a ziggurat
 33537 | Zig:3    | Entered Level 3 of a ziggurat
 33560 | Zig:4    | Entered Level 4 of a ziggurat
 33583 | Zig:5    | Entered Level 5 of a ziggurat
 33602 | Zig:5    | Identified the +8 broad axe of Ynwefaer {flame, MP-9 Str+2
                  | SInv}
 33612 | Zig:6    | Entered Level 6 of a ziggurat
 33647 | Zig:7    | Entered Level 7 of a ziggurat
 33671 | Zig:8    | Entered Level 8 of a ziggurat
 33692 | Zig:8    | Identified the +2 pair of boots of Nuas {Dex+7 SInv}
 33693 | Zig:8    | Identified the +1 demon blade "Someuklu" {freeze, Str+8
                  | SInv}
 33694 | Zig:8    | Identified the +7 rapier of Furraok {venom, rN+++ Str-2
                  | Int+6}
 33715 | Zig:9    | Entered Level 9 of a ziggurat
 33725 | Zig:9    | Noticed Faosatee the pandemonium lord
 33732 | Zig:9    | Killed Faosatee the pandemonium lord
 33755 | Zig:10   | Entered Level 10 of a ziggurat
 33762 | Zig:10   | Noticed agentgt's ghost (legendary MiCK)
 33763 | Zig:10   | Noticed Jeklifit's ghost (legendary FoFi)
 33763 | Zig:10   | Noticed Tang's ghost (legendary GrEE)
 33766 | Zig:10   | Reached skill level 25 in Spellcasting
 33784 | Zig:10   | Killed agentgt's ghost
 33800 | Depths:3 | Noticed Sureqap the pandemonium lord
 33812 | Depths:3 | Killed Sureqap the pandemonium lord
 33858 | Depths:1 | You fall into a shaft and drop 1 floor!
 33992 | Vaults:1 | Killed Ogiufoxyo's ghost
 33998 | Vaults:1 | Killed a dread lich
 34003 | Vaults:1 | Found a transporter.
 34167 | Vaults:3 | Noticed Jygocuj the pandemonium lord
 34178 | Vaults:3 | Killed Jygocuj the pandemonium lord
 34229 | Crypt:1  | Entered Level 1 of the Crypt
 34270 | Crypt:3  | Entered Level 3 of the Crypt
 34479 | Crypt:3  | Reached skill level 26 in Spellcasting
 34481 | Crypt:3  | Noticed Dapaonni the pandemonium lord
 34487 | Crypt:3  | Killed Dapaonni the pandemonium lord
 34518 | Crypt:3  | Found a staircase to the Tomb.
 34600 | Crypt:3  | Found an ancient bone altar of Kikubaaqudgha.
 34614 | Crypt:3  | Noticed Qaetral the pandemonium lord
 34619 | Crypt:3  | Killed Qaetral the pandemonium lord
 34620 | Crypt:3  | Found the +5 demon whip "Spellbinder" {antimagic, disrupt,
                  | Will+}
 34631 | Crypt:3  | Identified the +1 hat of Ydaa {*Slow Str+6 Dex-4}
 34701 | Tomb:1   | Entered Level 1 of the Tomb of the Ancients
 34950 | Tomb:2   | Noticed a royal mummy
 34951 | Tomb:2   | Identified the +2 leather armour of the Weaver {rF++}
 34954 | Tomb:2   | Killed a royal mummy
 34954 | Tomb:2   | Noticed a royal mummy
 34954 | Tomb:2   | Noticed a royal mummy
 34959 | Tomb:2   | Noticed a royal mummy
 34960 | Tomb:2   | Killed a royal mummy
 34964 | Tomb:2   | Killed a royal mummy
 34969 | Tomb:2   | Killed a royal mummy
 34970 | Tomb:2   | Noticed a royal mummy
 34976 | Tomb:2   | Killed a royal mummy
 34977 | Tomb:2   | Identified the +5 chain mail of Tenacity {Will+}
 35015 | Tomb:1   | Noticed a royal mummy
 35015 | Tomb:1   | Noticed a royal mummy
 35022 | Tomb:1   | Killed a royal mummy
 35031 | Tomb:1   | Killed a royal mummy
 35044 | Tomb:1   | Noticed a royal mummy
 35052 | Tomb:1   | Killed a royal mummy
 35075 | Tomb:1   | Noticed a royal mummy
 35083 | Tomb:1   | Noticed a royal mummy
 35085 | Tomb:1   | Killed a royal mummy
 35086 | Tomb:1   | Noticed a royal mummy
 35087 | Tomb:1   | Noticed a royal mummy
 35087 | Tomb:1   | Noticed a royal mummy
 35091 | Tomb:1   | Killed a royal mummy
 35092 | Tomb:1   | Killed a royal mummy
 35097 | Tomb:1   | Killed a royal mummy
 35101 | Tomb:1   | Killed a royal mummy
 35103 | Tomb:1   | Noticed a royal mummy
 35107 | Tomb:1   | Killed a royal mummy
 35116 | Tomb:1   | Noticed a royal mummy
 35139 | Tomb:1   | Killed a royal mummy
 35180 | Tomb:1   | Noticed a royal mummy
 35189 | Tomb:1   | Killed a royal mummy
 35211 | Tomb:1   | Noticed a royal mummy
 35217 | Tomb:1   | Killed a royal mummy
 35232 | Tomb:1   | Noticed a royal mummy
 35241 | Tomb:1   | Killed a royal mummy
 35323 | Tomb:3   | Entered Level 3 of the Tomb of the Ancients
 35335 | Tomb:3   | Noticed a royal mummy
 35339 | Tomb:3   | Noticed a royal mummy
 35341 | Tomb:3   | Killed a royal mummy
 35348 | Tomb:3   | Killed a royal mummy
 35350 | Tomb:3   | Noticed a royal mummy
 35359 | Tomb:3   | Killed a royal mummy
 35383 | Tomb:3   | Noticed a royal mummy
 35385 | Tomb:3   | Noticed a royal mummy
 35388 | Tomb:3   | Noticed a royal mummy
 35394 | Tomb:3   | Noticed a royal mummy
 35396 | Tomb:3   | Killed a royal mummy
 35398 | Tomb:3   | Noticed Hureppef the pandemonium lord
 35401 | Tomb:3   | Killed a royal mummy
 35403 | Tomb:3   | Noticed a royal mummy
 35406 | Tomb:3   | Killed Hureppef the pandemonium lord
 35408 | Tomb:3   | Killed a royal mummy
 35408 | Tomb:3   | Killed a royal mummy
 35412 | Tomb:3   | Killed a royal mummy
 35472 | Tomb:3   | Noticed Disun the pandemonium lord
 35478 | Tomb:3   | Killed Disun the pandemonium lord
 35509 | Tomb:3   | Got a golden rune of Zot
 35626 | Tomb:1   | Noticed a royal mummy
 35633 | Tomb:1   | Reached skill level 27 in Spellcasting
 35633 | Tomb:1   | Killed a royal mummy
 35689 | Tomb:1   | Noticed a royal mummy
 35695 | Tomb:1   | Killed a royal mummy
 35704 | Tomb:1   | Noticed Zoguluad the pandemonium lord
 35720 | Tomb:1   | Killed Zoguluad the pandemonium lord
 35894 | Vaults:3 | Noticed Qeucsat the pandemonium lord
 35918 | Vaults:3 | Killed Qeucsat the pandemonium lord
 36125 | D:9      | Noticed Appipro the pandemonium lord
 36131 | D:9      | Killed Appipro the pandemonium lord
 36268 | D:$      | Escaped with the Orb!

Illustrated notes

Levels and vault maps discovered:
D:1:      erik_arrival_triangle_large, layout_basic,
          nicolae_ecumenical_lake_church, minmay_close_crescents
D:2:      layout_loops_ring
D:3:      minmay_skewed_foursquare, layout_loops_ring,
          mainiacjoe_overflow_small_starburst, minivault_4
D:4:      kennysheep_the_goblin_king, layout_loops_corners,
          grunt_temple_overflow_opulence, jmf_multi_god_temple, serial_shops,
          nicolae_shop_behind_doors, minmay_crossroads
D:5:      layout_layer_cave
D:6:      layout_gridville, minmay_temple_entry_arrows, serial_shops,
          nicolae_lakefront_shop, nicolae_figureground_sparkle,
          uniq_blork_the_orc
D:7:      layout_rooms, okawaru_trees_1, nicolae_shop_overcharged_wands
D:8:      layout_loops_ring, mainiacjoe_overflow_alcove_2, uniq_amaemon
D:9:      layout_layer_cave, vehumet_altar_wand_db, minmay_lair_entry_grove,
          dreamdust_mushroom_princess, uniq_erolcha, uniq_psyche
D:10:     layout_rooms, hiddenorc2_lemuel, kennysheep_generic_room_16
D:11:     layout_rooms
D:12:     layout_cave_pools, special_room [special_room_orc]
D:13:     minmay_bloctagon, layout_irregular_city, minmay_misc_feat_square,
          uniq_frances, uniq_maurice
D:14:     layout_roguey, hangedman_vaults_entry_quadrant_bands,
          minmay_fountain_box, tgw_lugonu_bribe
D:15:     gammafunk_depths_entry_grave, layout_basic, serial_bayou_pond_e
Temple:   eino_narrow_crystal_temple
Lair:1:   gammafunk_cloud_chamber, layout_hall_layers, uniq_sonja
Lair:2:   layout_cave_pods, guppyfry_snake_entry_garden, serial_bayou_shore_a
Lair:3:   layout_chaotic_city, shoals_dummy_entry
Lair:4:   layout_small_grid, portal_ice_cave_demonic_guard,
          nicolae_lair_yak_garden
Lair:5:   cheibrodos_lair_end_hotspot, layout_regular_city,
          minmay_slime_entry_pillars, uniq_rupert
Shoals:1: layout_shoals, nicolae_shoals_circle_sea_wall
Shoals:2: layout_shoals, nicolae_shoals_lost_giant_hut, st_shoals_ruin,
          uniq_ilsuiw, uniq_jorgrun
Shoals:3: layout_shoals, serial_shops, shop
Shoals:4: shoals_end_hellmonk_lost_city, uniq_nikola
Snake:1:  layout_gridlike, nicolae_snake_gridmaze_big_u, grunt_ministairs_13,
          grunt_megastairs_5
Snake:2:  layout_chambers, hellmonk_ghost_happy_afterlife, grunt_megastairs_4
Snake:3:  layout_rooms
Snake:4:  snake_pit_salamanders_mu, layout_chambers, st_stairs_7,
          nicolae_snake_scaly_snakehead
Slime:1:  layout_caves
Slime:2:  layout_caves, nicolae_slime_welcoming_committee
Slime:3:  layout_caves
Slime:4:  layout_caves
Slime:5:  uniq_dissolution
Orc:1:    layout_diamond_mine, basic_altar, serial_shops,
          nicolae_shop_tiny_glass, library_closet, lemuel_statue_altar,
          guppyfry_library_mini
Orc:2:    pf_orc_diabolical, layout_caves, gauntlet_entry_generic
Elf:1:    layout_geoelf_octagon, minivault_28, nicolae_wooded_promenade,
          nicolae_elf_crossing_hall, uniq_azrael
Elf:2:    nicolae_elf_blades_crystal_corner, layout_loops_corners, serial_glass,
          glass_columns_b, glass_columns_a, glass_columns_a
Elf:3:    grunt_elf_hall_asides, layout_rooms, serial_shops, shop,
          roderic_lattice_octagonal_star
Vaults:1: gammafunk_ghost_mausoleum, ontoclasm_vaults_idyll,
          vaults_dpeg_diagonal, vaults_dpeg_cross, dpeg_vaults_monster_row,
          grunt_vaults_hallway_short, nicolae_vaults_security_offices_6,
          serial_ice_g, nicolae_vaults_theta, v_misc_30, hangedman_vaults_maws,
          nicolae_vaults_diagonal_hallway_8, v_alt_pattern_1,
          nicolae_vaults_tetromino_L_1, nicolae_vaults_gold_heap,
          vaults_mumra_chevron, layout_vaults_big_room, serial_shops, shop
Vaults:2: nicolae_vaults_weapon_check, door_vault, nicolae_vaults_heist,
          hangedman_vaults_restitches, v_misc_23, v_misc_2, v_alt_pattern_3,
          vaults_dpeg_hooks, nicolae_vaults_diamond_1,
          nicolae_vaults_storage_closets_2, nicolae_vaults_surprise_closet,
          v_misc_19, layout_vaults_omnicross, serial_shops,
          nicolae_shop_tiny_glass, uniq_zenata, uniq_jory, uniq_frederick
Vaults:3: nicolae_vaults_little_squares_4, minmay_crypt_entry_simple_sparse,
          v_misc_10, v_misc_11, v_misc_16, v_misc_10,
          nicolae_vaults_surprise_closet, nicolae_vaults_variable_pillar_hall,
          hangedman_vaults_slice, vaults_room_hallway, v_misc_32,
          nicolae_vaults_layer_cake_slice, v_misc_25, nicolae_vaults_house_2,
          layout_vaults_omnibox, serial_shops, nicolae_shop_just_a_little_nook,
          nicolae_shop_temple_entry_statues_fountains, uniq_xtahua
Vaults:4: mu_enter_wizlab_5, v_misc_1, nicolae_vaults_prndl, v_misc_10,
          nicolae_vaults_wine_cellar, v_misc_9, hangedman_vaults_impose,
          vaults_room_stairs_pillars, vaults_dpeg_ring, st_spiral_rooms,
          layout_vaults_omnigrid
Vaults:5: serial_shops
Crypt:1:  cheibrodos_crypt_eye_of_stone, layout_regular_city
Crypt:2:  layout_misc_corridors, uniq_margery
Crypt:3:  church_of_pain_bobbens, layout_chaotic_city,
          tomb_entry_forgotten_bobbens, grunt_ministairs_4
Tomb:1
Tomb:2
Tomb:3
Depths:1: layout_cave_shapes, serial_column_ruins, column_ruins_hut,
          column_ruins_columns_dead_end, column_ruins_grid_3,
          column_ruins_columns_dead_end, column_ruins_grid_3,
          column_ruins_columns_corner, enter_trove_2, hell_entry,
          serial_bayou_pond_d, rand_demon_pan_entry_1,
          nicolae_abyss_entry_one_way_or_another, nrook_mini_backslash,
          fedhas_altar_4
Depths:2: minmay_inside_and_out, layout_twisted_cross, rand_demon_pan_entry_9,
          roderic_serpentine_path, hell_entry, uniq_bai_suzhen, uniq_josephina,
          uniq_mara
Depths:3: kennysheep_green_arena, layout_cave_pools, enter_ziggurat_f,
          elyvilon_altar_3, pf_hell_entry_tar_river, abyss_entry,
          minmay_misc_feat_tower, chequers_serial_rivers_small_3,
          infiniplex_staircase_door_maze, uniq_saint_roka
Depths:4: grunt_crosshair, layout_cave_shapes, hell_entry,
          roderic_roman_lattice, serial_rivers, chequers_serial_rivers_small_a,
          chequers_serial_rivers_small_b, chequers_serial_rivers_large_b,
          chequers_serial_rivers_micro_c, chequers_serial_rivers_room_b,
          serial_shops, freezing_bzr, nemelex_xobeh_ov_fountains_minmay,
          uniq_mennas, uniq_enchantress, uniq_parghit
Hell
Dis:1:    hangedman_dis_monolith, layout_regular_city
Dis:2:    layout_subdivisions
Dis:3:    layout_subdivisions
Dis:4:    layout_jigsaw
Dis:5:    layout_regular_city
Dis:6:    layout_jigsaw, not_door_vault_due
Dis:7:    dis_st
Geh:1:    layout_gehenna_pools_triple
Geh:2:    layout_gehenna_pools_triple
Geh:3:    layout_gehenna_pools_box, nicolae_geh_gnashing_of_teeth
Geh:4:    layout_gehenna_pools_basic
Geh:5:    layout_gehenna_lava_caves
Geh:6:    layout_gehenna_pools_triple
Geh:7:    geh_grunt_pentagon
Coc:1:    layout_cocytus_water_paths
Coc:2:    layout_cocytus_delve
Coc:3:    layout_cocytus_water_paths
Coc:4:    layout_cocytus_delve
Coc:5:    layout_cocytus_delve, special_room [special_room_morgue]
Coc:6:    layout_cocytus_water_paths
Coc:7:    coc_dpeg
Tar:1:    minmay_shadows, layout_catacombs
Tar:2:    layout_catacombs
Tar:3:    layout_honeycomb, nicolae_tar_cuneiform_to_be
Tar:4:    layout_grid_maze
Tar:5:    layout_grid_maze
Tar:6:    layout_grid_maze
Tar:7:    tar_grunt_cathedral
Zot:1:    layout_concentric_octagons
Zot:2:    layout_cathedral_of_symmetry, st_stairs_12, grunt_megastairs_1
Zot:3:    layout_misc_corridors
Zot:4:    layout_misc_corridors
Zot:5:    layout_onion, nicolae_diode_intersection

Skill      XL: |  1  2  3  4  5  6  7  8  9 10 11 12 13 14 15 16 17 18 19 20 21 22 23 24 25 26 27 |
---------------+----------------------------------------------------------------------------------+-----
Dodging        | 2 3 4 5 6 7 10 12 14 | 14.0
Fighting       | 1 2 3 4 6 8 10 12 14 16 23 | 23.1
Spellcasting   | 3 4 5 6 8 9 10 12 14 16 18 27 | 27.0
Unarmed Combat | 4 5 6 7 8 10 12 14 16 18 20 24 | 24.0
Transmutations | 3 4 5 6 12 16 | 16.0
Invocations    | 2 4 7 8 12 | 12.0
Armour         | 4 6 8 10 11 15 | 15.0
Translocations | 4 |  4.0
Shields        | 6 8 10 11 14 15 16 17 18 20 24 | 24.0
Necromancy     | 8 10 11 12 15 16 18 | 18.0
Earth Magic    | 4 5 6 |  6.0
Ice Magic      | 4 |  4.0
Fire Magic     | 18 | 18.0

Action                     |  1- 3 |  4- 6 |  7- 9 | 10-12 | 13-15 | 16-18 | 19-21 | 22-24 | 25-27 || total
---------------------------+-------+-------+-------+-------+-------+-------+-------+-------+-------++-------
  Melee: Unarmed           |    64 |   119 |   214 |   426 |   984 |   763 |   827 |   857 |  3784 ||  8038
         Kick              |    13 |    20 |    58 |   146 |   266 |       |       |       |       ||   503
         Headbutt          |     8 |    10 |    40 |    95 |   279 |   195 |       |       |       ||   627
         Bite              |     8 |    28 |    50 |   129 |   389 |   352 |   390 |   497 |  2569 ||  4412
         Punch             |     3 |     2 |     7 |    40 |    21 |       |       |       |       ||    73
         Staff             |       |       |       |       |       |       |       |    51 |    64 ||   115
  Throw: Dart              |       |       |     9 |     5 |     2 |       |       |       |     1 ||    17
         Throwing net      |       |       |       |       |     2 |       |       |       |       ||     2
   Cast: Beastly Appendage |    19 |    18 |    24 |    34 |    40 |       |       |       |       ||   135
         Wereblood         |     4 |     9 |    16 |    26 |    53 |    40 |    14 |       |       ||   162
         Apportation       |       |       |       |       |   105 |    65 |   120 |    69 |   209 ||   568
         Lesser Beckoning  |       |       |       |       |    47 |    74 |   132 |   117 |   416 ||   786
         Animate Dead      |       |       |       |       |     1 |    18 |     9 |    18 |     6 ||    52
         Death Channel     |       |       |       |       |       |    40 |    37 |    32 |    36 ||   145
         Borgnjor's Vile C |       |       |       |       |       |     2 |     5 |     1 |   319 ||   327
         Simulacrum        |       |       |       |       |       |     1 |    46 |     2 |     1 ||    50
         Passwall          |       |       |       |       |       |       |     5 |     9 |    16 ||    30
         Blink             |       |       |       |       |       |       |     4 |       |     1 ||     5
         Statue Form       |       |       |       |       |       |       |     3 |    54 |    24 ||    81
         Vhi's Electric Ch |       |       |       |       |       |       |       |     4 |    80 ||    84
         Necromutation     |       |       |       |       |       |       |       |       |   217 ||   217
         Ignition          |       |       |       |       |       |       |       |       |    90 ||    90
 Invoke: Temporal Distorti |       |       |       |     1 |       |       |       |       |       ||     1
         Slouch            |       |       |       |       |       |       |     2 |       |       ||     2
         Step From Time    |       |       |       |       |       |       |       |       |     3 ||     3
Ability: End Transformatio |       |       |       |       |       |       |       |       |    11 ||    11
  Evoke: Wand              |       |       |     2 |     2 |       |       |       |       |     5 ||     9
         Phantom mirror    |       |       |       |       |     1 |       |     1 |       |     2 ||     4
    Use: Potion            |     2 |       |     2 |     4 |     2 |     2 |    11 |     2 |    14 ||    39
         Scroll            |       |     1 |     4 |     6 |    10 |     6 |     8 |    20 |    27 ||    82
   Stab: Sleeping          |     2 |     1 |       |     2 |     1 |     2 |     2 |     3 |     1 ||    14
         Petrified         |       |       |       |       |     2 |       |       |       |       ||     2
         Distracted        |       |       |       |       |     1 |    26 |    22 |    23 |    47 ||   119
 Armour: Robe              |    18 |    41 |    75 |    91 |       |       |       |       |       ||   225
         Skin              |       |       |     2 |       |       |       |    20 |   213 |   110 ||   345
         Ring mail         |       |       |       |    77 |   166 |       |       |       |       ||   243
         Pearl dragon scal |       |       |       |       |   139 |   237 |   275 |    42 |   218 ||   911
         Scale mail        |       |       |       |       |       |       |       |       |   385 ||   385
         Fire dragon scale |       |       |       |       |       |       |       |       |   101 ||   101
         Gold dragon scale |       |       |       |       |       |       |       |       |    59 ||    59
  Dodge: Dodged            |    33 |    90 |   123 |   367 |   502 |   362 |   296 |   486 |  1891 ||  4150
         Repelled          |       |       |       |       |       |       |       |       |    36 ||    36
  Block: Kite shield       |       |       |       |       |   355 |   602 |   691 |   258 |       ||  1906
         Buckler           |       |       |       |       |    50 |       |       |       |       ||    50
         Reflection        |       |       |       |       |       |    11 |    88 |    51 |   136 ||   286
         Tower shield      |       |       |       |       |       |       |       |  1036 |  5412 ||  6448
